 Dungeon Crawl Stone Soup version 0.30.1-4-g462c640d31 (webtiles) character file.

Game seed: 3081070163869850696

1870637 sheffield53 the Conqueror (level 26, 239/239 HPs)
             Began as a Minotaur Berserker on Aug 17, 2023.
             Was a High Priest of Trog.
             Escaped with the Orb
             ... and 3 runes on Aug 18, 2023!
             The game lasted 04:26:32 (55549 turns).

sheffield53 the Conqueror (Minotaur Berserker)     Turns: 55549, Time: 04:26:33

Health: 239/239    AC: 43    Str: 41    XL:     26   Next: 40%
Magic:  13/13      EV: 11    Int:  9    God:    Trog [*****.]
Gold:   7973       SH: 25    Dex: 23    Spells: 25/25 levels left

rFire   + . .        o - +7 broad axe "Undertaker" {heavy, rC+ rN+ MP-9 Dex+3}
rCold   + + +        Z - +5 kite shield {reflect}
rNeg    + + .        n - +2 gold dragon scales
rPois   +            (helmet unavailable)
rElec   .            B - +4 dragonskin cloak
rCorr   .            W - +2 pair of gloves
SInv    +            k - +2 pair of boots {Stlth+}
Will    ++...        O - amulet "Bosiv" {rPois rN+ Regen+ Int+3} Stlth
                     N - ring of the Trout {Str+9 Int-2 Dex+6 SInv Stlth+}
HPRegen 1.39/turn    L - ring "Ceane" {Fly rC+ Will+ Dex+4}
MPRegen 0.13/turn

%: reflection
@: flying, studying Stealth
A: horns 3, retaliatory headbutt, clever 1, frail 1, teleportitis 1
0: Orb of Zot
}: 3/15 runes: decaying, silver, gossamer
a: Renounce Religion, Berserk, Trog's Hand, Brothers in Arms


You escaped.
You worshipped Trog.
Trog was extremely pleased with you.
You visited 8 branches of the dungeon, and saw 44 of its levels.
You also visited: Ice Cave.

You collected 9422 gold pieces.
You spent 1449 gold pieces at shops.

Inventory:

Hand Weapons
 b - a +5 broad axe of flaming
 o - the +7 broad axe "Undertaker" (weapon) {heavy, rC+ rN+ MP-9 Dex+3}
   (Trog gifted it to you on level 1 of the Depths)

   Dex:       It affects your dexterity (+3).
   rC:        It protects you from cold.
   rN:        It protects you from negative energy.
   MP:        It affects your magic capacity (-9).
 Y - a +9 vampiric broad axe
Missiles
 y - 5 javelins (quivered)
 T - 2 silver javelins
Armour
 k - a +2 pair of boots of stealth (worn)
 n - +2 gold dragon scales (worn)
 B - the +4 dragonskin cloak (worn)
   (You took it off Tiamat on level 4 of the Realm of Zot)

   Avatar's Aegis: It grants the wearer a chance to resist fire, cold, poison,
   electricity, acid, and negative energy.
 R - a +2 hat
 W - a +2 pair of gloves (worn)
 Z - a +5 kite shield of reflection (worn)
Jewellery
 a - a +6 ring of intelligence
 G - the ring of Topsepra {AC+4 Int+4 Dex+2 SInv}
   (You found it on level 4 of the Realm of Zot)

   [ring of protection]

   AC:        It affects your AC (+4).
   Int:       It affects your intelligence (+4).
   Dex:       It affects your dexterity (+2).
   SInv:      It lets you see invisible.
 I - a ring of protection from fire
 L - the ring "Ceane" (right hand) {Fly rC+ Will+ Dex+4}
   (You took it off a centaur warrior on level 10 of the Dungeon)

   [ring of flight]

   Dex:       It affects your dexterity (+4).
   rC:        It protects you from cold.
   Fly:       It grants you flight.
   Will:      It increases your willpower.
 N - the ring of the Trout (left hand) {Str+9 Int-2 Dex+6 SInv Stlth+}
   (You found it on level 10 of the Dungeon)

   [ring of dexterity]

   Str:       It affects your strength (+9).
   Int:       It affects your intelligence (-2).
   Dex:       It affects your dexterity (+6).
   SInv:      It lets you see invisible.
   Stlth:     It makes you more stealthy.
 O - the amulet "Bosiv" (around neck) {rPois rN+ Regen+ Int+3}
   (You took it off a skeletal warrior on level 10 of the Dungeon)

   [amulet of regeneration]

   Int:       It affects your intelligence (+3).
   rPois:     It protects you from poison.
   rN:        It protects you from negative energy.
   Regen:     It increases your rate of health regeneration.
Wands
 u - a wand of mindburst (17)
 x - a wand of light (13)
 F - a wand of roots (12)
 H - a wand of polymorph (4)
Scrolls
 e - 17 scrolls of teleportation
 h - 10 scrolls of vulnerability
 i - 2 scrolls of summoning
 j - 12 scrolls of immolation
 l - 2 scrolls of torment
 m - 10 scrolls of fog
 t - 11 scrolls of amnesia
 v - a scroll of enchant armour
 D - 4 scrolls of fear
 E - 4 scrolls of noise
 J - 4 scrolls of blinking
 K - 5 scrolls of magic mapping
 P - 5 scrolls of enchant weapon
 Q - a scroll of silence
 S - 4 scrolls of poison
 U - 3 scrolls of brand weapon
 X - 33 scrolls of identify
Potions
 c - 6 potions of brilliance
 d - 35 potions of curing
 f - 10 potions of ambrosia
 g - 10 potions of flight
 p - 14 potions of attraction
 q - 3 potions of resistance
 r - 11 potions of mutation
 s - 10 potions of heal wounds
 w - 2 potions of invisibility
 z - 2 potions of cancellation
 A - 6 potions of magic
 C - 2 potions of might
 M - a potion of haste
 V - 8 potions of lignification


   Skills:
 O Level 27 Fighting
 O Level 27 Axes
 + Level 15.3 Throwing
 O Level 27 Armour
 - Level 2.4 Dodging
 O Level 27 Shields


You had 25 spell levels left.
You didn't know any spells.
Your spell library contained the following spells:

 Spells                   Type           Power      Damage    Failure   Level
 Freeze                   Ice            0%         1d3       80%         1
 Ozocubu's Armour         Ice            0%         N/A       99%         3
 Agony                    Necr           0%         N/A       100%        5
 Metabolic Englaciation   Hex/Ice        0%         N/A       100%        5
 Simulacrum               Ice/Necr       0%         N/A       100%        6
 Ozocubu's Refrigeration  Ice            0%         4d7       100%        7
 Infestation              Necr           0%         N/A       100%        8
 Death's Door             Necr           0%         N/A       100%        9


Dungeon Overview and Level Annotations

Branches:
Dungeon (15/15)            Temple (0/1) D:7            Lair (5/5) D:11
  Swamp (4/4) Lair:2       Spider (4/4) Lair:2        Slime (0/5) Lair:5
    Orc (2/2) D:12            Elf (0/3) Orc:2        Vaults (5/5) D:14
  Crypt (0/3) Vaults:3     Depths (4/4) D:15            Zot (5/5) Depths:4
  IceCv (visited)

Altars:
Dithmenos
Fedhas
Gozag
Okawaru
Ru
Sif Muna
Vehumet
Zin
The Shining One
Jiyva
Lugonu

Shops:
D:2 :   D:5 *   D:15 :   Orc:1 ?*?!=[   Orc:2 :[[=(   Vaults:1 (   Vaults:2 (
Vaults:3 :   Depths:1 !*

Portals:
Hell: Depths:1 Depths:2 Depths:3 Depths:4
Abyss: Lair:5 Depths:3
Pandemonium: Depths:2
Ziggurat: Depths:4

Annotations:
D:3 1 runed translucent door, sigtrap's ghost, amateur GnFi
Lair:1 3 runed translucent doors, bairyn's ghost, novice SpRe
Spider:4 2 transporters, spardeous's ghost, adept DgCj
Depths:3 3 runed translucent doors, Allukodu's ghost, veteran MiGl
Zot:1 1 transporter


Innate Abilities, Weirdness & Mutations

You have a pair of large horns on your head.
You reflexively headbutt those who attack you in melee.
Your mind is acute. (Int +4, Str/Dex -1)
You are frail. (-10% HP)
You are occasionally teleported next to monsters.


Message History

You resist with almost no effort.
A golden eye comes into view.
You barely miss the golden eye. Your headbutt misses the golden eye.
The golden eye blinks! x2
You miss the golden eye.
You headbutt the golden eye, but do no damage.
The golden eye blinks at you. You resist with almost no effort.
The golden eye blinks at you. You resist with almost no effort.
You carve the golden eye like a ham!!!
You kill the golden eye!
Trog accepts your kill.
You closely miss the golden eye. The golden eye blinks at you.
You resist with almost no effort.
You open the golden eye like a pillowcase!!!
You kill the golden eye!
Trog accepts your kill.
The golden eye blinks!
The golden eye blinks at you. You resist with almost no effort.
The golden eye blinks at you. You resist with almost no effort.
The golden eye blinks at you. You resist with almost no effort.
The golden eye blinks!
A tormentor comes into view.
The tormentor roars!
There is an open door here.
You block the tormentor's attack.
The tormentor hits you but does no damage.
You block the tormentor's attack. The tormentor closely misses you.
You chop the tormentor into pieces!!!!
You kill the tormentor!
Trog accepts your kill.
You reach down and open the door.
There is an open door here.
There is a staircase leading out of the dungeon here.
You have escaped!

....# ####### #.#######. )...#
#.....# #.#.#..... ....# #.8.8.##
#.#.#.#... ..### #..8...##
#.#...#.## #..#
#.8.8...###...#.#... ##.##
#........##>..#.#†#. ....##
#.###.⌠.⌠.#.###.#... .....#
#.'.#.....#...#.#### ...#.#####
#.#@#..8..'.#.#.#### ...'.....#
#.'.#.....#.#.#..... ...#..##.#
#.###.⌠.⌠.#.#.###### ...##..#.#
#........##.#....... ...###.#.#
#.8.8...###.#######.
######...#####..8...## #.# #.
............##.8.8.## #.# #.
.......#.##..#.....#####.# #.
#...#..#.###.#######.....#######.


There were no monsters in sight!

Vanquished Creatures
  Tiamat (Zot:4)
  3 dread liches (Zot:5)
  3 orbs of fire
  3 ancient liches
  Mara (Vaults:2)
  Boris (thrice) (Vaults:2 Vaults:3 Vaults:4)
  A Killer Klown (Zot:5)
  7 curse toes
  Bai Suzhen (Vaults:2)
  the Lernaean hydra (Swamp:4)
  Saint Roka (Vaults:3)
  16 golden dragons
  Jory (Vaults:2)
  Nikola (Vaults:3)
  A bone dragon (Depths:4)
  An electric golem (Zot:5)
  Jorgrun (D:12)
  18 tentacled monstrosities
  26 Orb Guardians
  2 liches
  2 titans (Vaults:5)
  8 quicksilver dragons
  5 sphinxes
  7 death cobs
  2 Executioners
  A thorn hunter (Swamp:1)
  9 shadow dragons
  Kirke (Lair:2)
  6 draconian monks
  8 tengu reavers
  16 storm dragons
  3 fire giants
  2 demonspawn warmongers (D:2)
  3 draconian knights
  A fenstrider witch (Swamp:1)
  26 vault wardens
  3 emperor scorpions
  5 ghost moths
  3 draconian shifters
  An iron dragon (Depths:4)
  6 draconian scorchers
  4 frost giants
  A deep elf sorcerer (Vaults:5)
  2 balrugs
  A ghoul (Swamp:4)
  A cacodemon (Depths:1)
  2 orc warlords
  7 stone giants
  4 war gargoyles
  23 ironbound preservers
  2 reapers
  2 spriggan defenders (Depths:3)
  10 ironbound thunderhulks
  2 draconian stormcallers
  5 draconian annihilators
  2 vampire knights (Depths:3)
  24 very ugly things
  2 broodmothers
  8 green draconians
  2 eleionomae
  9 black draconians
  Nessos (D:12)
  A lorocyproca (D:13)
  9 white draconians
  4 spark wasps
  4 bunyips
  10 red draconians
  12 dire elephants
  A deep elf annihilator (Vaults:5)
  A green death (D:8)
  13 purple draconians
  14 yellow draconians
  28 ettins
  4 crystal guardians
  A jiangshi (Vaults:3)
  A shambling mangrove (Swamp:1)
  25 yaktaur captains
  4 entropy weavers
  12 fire dragons
  A great orb of eyes (shapeshifter) (Depths:3)
  5 great orbs of eyes
  Josephine (D:11)
  3 rakshasas
  4 peacekeepers
  19 hydras
  Fannar (D:10)
  43 vault guards
  2 quicksilver dragon skeletons
  13 ice dragons
  A caustic shrike simulacrum (IceCv)
  2 ghost crabs
  7 two-headed ogres
  5 ogre magi
  3 catoblepae
  5 spriggan air magi
  8 centaur warriors
  A satyr (shapeshifter) (Vaults:5)
  13 alligators
  19 ironbound frosthearts
  5 jorogumos
  3 radroaches
  2 death knights
  4 death yaks (Depths:2)
  6 deep troll earth magi
  8 death scarabs (Spider:4)
  3 deep troll shamans
  4 thrashing horrors (Lair:5)
  5 tengu warriors
  6 boulder beetles
  2 spectral emperor scorpions (Spider:4)
  7 spriggan berserkers
  Urug (D:11)
  2 titan zombies (Depths:2)
  3 orc high priests (Orc:2)
  7 sun demons
  Nergalle (Lair:2)
  8 hell knights
  2 sun moths (Spider:3)
  10 skeletal warriors
  A goliath frog (shapeshifter) (Depths:4)
  2 skysharks (Lair:4)
  7 pharaoh ants
  65 deep trolls
  5 goliath frogs
  7 iron trolls
  2 spriggan druids
  7 orb spiders
  A spriggan simulacrum (IceCv)
  5 bog bodies
  2 spectral wolf spiders (Spider:4)
  Pikel (D:6)
  A glowing orange brain (Depths:2)
  8 steelbarb worms
  5 necromancers
  7 lindwurms
  A storm dragon skeleton (Depths:1)
  5 wizards
  21 swamp dragons
  12 orc knights
  2 obsidian statues
  2 golden dragon skeletons
  23 ironbound convokers
  8 phantasmal warriors
  3 deep elf pyromancers
  A broodmother zombie (Spider:4)
  5 will-o-the-wisps
  A stone giant zombie (Depths:2)
  44 ugly things
  4 cyclopes
  2 manticores
  6 orc sorcerers
  18 wolf spiders
  3 elephants (Lair:4)
  34 moths of wrath
  6 black mambas
  A toenail golem (D:2)
  4 demonic crawlers
  24 vault sentinels
  3 gargoyles
  3 smoke demons
  A yaktaur zombie (Vaults:2)
  An orange demon (Depths:1)
  3 spectral redbacks (Spider:4)
  18 cane toads
  A kobold demonologist (Depths:3)
  A hellion (D:2)
  A tormentor (D:1)
  2 ice devils
  56 yaktaurs
  3 torpor snails
  4 rime drakes
  2 efreet (D:15)
  3 golden dragon simulacra (IceCv)
  An ancient zyme (Lair:5)
  7 komodo dragons
  A spark wasp simulacrum (Depths:1)
  A tengu conjurer (Depths:3)
  A bloated husk (Swamp:2)
  3 anaconda simulacra (IceCv)
  19 freezing wraiths
  A red devil (D:1)
  8 trolls
  3 spectral culicivoras (Spider:4)
  38 tarantellas
  12 tyrant leeches
  A wolf spider simulacrum (D:14)
  16 meliai
  4 spectral jumping spiders (Spider:4)
  3 spectral tarantellas (Spider:4)
  Prince Ribbit (D:5)
  23 hornets
  A stone giant simulacrum (Vaults:2)
  22 blink frogs
  A culicivora zombie (Spider:4)
  A jumping spider zombie (Spider:4)
  Grinder (D:4)
  4 dream sheep (Lair:5)
  25 culicivoras
  20 slime creatures
  34 jumping spiders
  19 spriggans
  34 yaks
  3 ynoxinuls
  5 wyverns
  3 dire elephant simulacra (IceCv)
  2 water elementals (Depths:4)
  7 wraiths
  6 humans (D:14)
  8 basilisks
  2 shadows
  5 golden eyes (D:1)
  5 hogs
  A large abomination (Lair:5)
  An unseen horror simulacrum (D:10)
  3 chaos spawn (Lair:5)
  A fire elemental (Depths:3)
  59 redbacks
  A glowing shapeshifter zombie (Vaults:2)
  8 vampire mosquitoes
  A warg (Orc:1)
  Menkaure (D:6)
  2 harpy simulacra (IceCv)
  8 swamp worms
  An acid dragon (D:12)
  A human zombie (Depths:3)
  16 water moccasins
  Edmund (D:5)
  3 hydra simulacra (IceCv)
  Duvessa (D:6)
  14 swamp drakes
  31 orc warriors
  2 black bears (D:7)
  An ice beast (D:8)
  A sky beast (D:7)
  10 ogres
  2 alligator simulacra (IceCv)
  A tengu (shapeshifter) (Vaults:5)
  4 wolves (Lair:2)
  14 centaurs
  A phantom (D:7)
  5 kobold brigands
  11 bullfrogs
  11 small abominations (Lair:5)
  A gnoll sergeant (D:7)
  4 deep troll simulacra (IceCv)
  A cyclops zombie (Depths:2)
  5 wights (D:8)
  Dowan (D:6)
  10 killer bees
  6 lindwurm simulacra (IceCv)
  8 howler monkeys
  5 electric eels
  11 jellies
  17 orc priests
  4 hounds
  2 sleepcaps
  31 orc wizards
  4 iguanas
  2 centaur simulacra
  9 gnolls
  9 adders
  2 shadow imps (D:7)
  4 ufetubi
  8 worms
  3 dart slugs
  70 orcs
  8 ball pythons
  13 endoplasms
  5 giant cockroaches
  11 hobgoblins
  4 jackals (D:1)
  17 kobolds
  A quokka (D:3)
  9 bats
  11 frilled lizards
  6 goblins
  6 rats
  A spectral weapon (Depths:4)
2048 creatures vanquished.

Vanquished Creatures (collateral kills)
  A dread lich (Vaults:5)
  A juggernaut (Depths:2)
  A titan (Vaults:5)
  A tentacled monstrosity (Vaults:5)
  A sphinx (Vaults:5)
  2 shadow dragons (Vaults:5)
  A storm dragon (Vaults:5)
  Donald (Swamp:2)
  Frances (Swamp:2)
  A draconian knight (Zot:1)
  A fire giant (Depths:2)
  Aizul (Swamp:2)
  A draconian shifter (Zot:1)
  2 ironbound preservers
  An ironbound thunderhulk (Vaults:3)
  2 stone giants
  An eleionoma (Swamp:2)
  A yellow draconian (Depths:4)
  A spark wasp (Depths:2)
  A yaktaur captain (Vaults:4)
  A deep elf high priest (Vaults:5)
  An ettin (Depths:2)
  A great orb of eyes (Vaults:4)
  A hydra (Swamp:2)
  3 vault guards (Vaults:5)
  A deep troll earth mage (Depths:3)
  A soul eater (Depths:2)
  2 deep trolls
  An iron troll (Depths:3)
  A swamp dragon (Swamp:2)
  An ironbound convoker (Vaults:4)
  3 ugly things (Depths:2)
  A moth of wrath (Zot:1)
  A vault sentinel (Vaults:5)
  An orc wizard (Vaults:3)
  3 orcs (Vaults:3)
46 creatures vanquished.

Vanquished Creatures (others)
  A tentacled monstrosity (Zot:1)
  A tengu reaver (Vaults:5)
  A draconian knight (Zot:3)
  A draconian shifter (Zot:1)
  2 hydras (Swamp:4)
  A pharaoh ant (Spider:4)
  An orb spider (Spider:1)
  A torpor snail (Spider:1)
  A bloated husk (Swamp:1)
  2 jumping spiders (Spider:1)
  A human (Swamp:1)
  A boggart (shapeshifter) (Vaults:5)
  25 foxfires
39 creatures vanquished.

Grand Total: 2133 creatures vanquished

Notes
Turn   | Place    | Note
-------+----------+-------------------------------------------
     0 | D:1      | sheffield53 the Minotaur Berserker began the quest for the
                  | Orb.
     0 | D:1      | Reached XP level 1. HP: 19/19 MP: 0/0
    41 | D:1      | Reached XP level 2. HP: 27/27 MP: 1/1
   469 | D:1      | Reached XP level 3. HP: 23/33 MP: 2/2
   551 | D:1      | Reached skill level 1 in Shields
   815 | D:2      | Reached ** piety under Trog
  1126 | D:2      | Reached XP level 4. HP: 40/40 MP: 3/3
  1408 | D:2      | Found a faded altar of an unknown god.
  1548 | D:2      | Found a shadowy altar of Dithmenos.
  1632 | D:2      | Found Riomeyc's Book Emporium.
  2151 | D:3      | Reached *** piety under Trog
  2413 | D:3      | Found a runed translucent door.
  2426 | D:3      | Noticed a bullfrog
  2428 | D:3      | Noticed sigtrap's ghost (amateur GnFi)
  2569 | D:4      | Reached XP level 5. HP: 47/47 MP: 4/4
  3026 | D:4      | Noticed Grinder
  3037 | D:4      | Killed Grinder
  3038 | D:4      | Reached skill level 5 in Fighting
  3038 | D:4      | Reached skill level 5 in Axes
  3038 | D:4      | Reached XP level 6. HP: 55/56 MP: 5/5
  3602 | D:4      | Reached skill level 5 in Armour
  3602 | D:4      | Reached XP level 7. HP: 43/62 MP: 6/6
  3809 | D:5      | Entered Level 5 of the Dungeon
  3809 | D:5      | Found Okokoam's General Store.
  3815 | D:5      | Bought a potion of heal wounds for 75 gold pieces
  3815 | D:5      | Bought a +0 pair of gloves for 67 gold pieces
  3815 | D:5      | Bought a scroll of identify for 30 gold pieces
  3993 | D:5      | Noticed Prince Ribbit
  4011 | D:5      | Killed Prince Ribbit
  4024 | D:5      | Found an opulent altar of Gozag.
  4191 | D:5      | Noticed Edmund
  4211 | D:5      | Killed Edmund
  4212 | D:5      | Reached skill level 5 in Shields
  4385 | D:5      | Reached XP level 8. HP: 64/71 MP: 7/7
  5262 | D:6      | Noticed Pikel
  5292 | D:6      | Killed Pikel
  5344 | D:6      | Noticed Duvessa
  5344 | D:6      | Noticed Dowan
  5377 | D:6      | Killed Duvessa
  5390 | D:6      | Killed Dowan
  5553 | D:6      | Reached XP level 9. HP: 73/81 MP: 8/8
  5630 | D:6      | Noticed Menkaure
  5634 | D:6      | Killed Menkaure
  5713 | D:6      | Found an iron altar of Okawaru.
  6086 | D:7      | Reached **** piety under Trog
  6653 | D:7      | Found a staircase to the Ecumenical Temple.
  6813 | D:7      | Found a blossoming altar of Fedhas.
  6813 | D:7      | Found a sacrificial altar of Ru.
  7170 | D:8      | Reached XP level 10. HP: 74/91 MP: 9/9
  7395 | D:8      | Identified the +0 leather armour of Action {-Tele rN+
                  | Dex+8}
  7836 | D:9      | Reached skill level 10 in Fighting
  7836 | D:9      | Reached skill level 10 in Axes
  8126 | D:9      | Noticed a white ugly thing
  8132 | D:9      | Reached skill level 10 in Armour
  8132 | D:9      | Reached ***** piety under Trog
  8133 | D:9      | Noticed a two-headed ogre
  8311 | D:9      | Killed a white ugly thing
  8372 | D:9      | Killed a two-headed ogre
  8373 | D:9      | Reached skill level 10 in Shields
  8895 | D:10     | Entered Level 10 of the Dungeon
  8944 | D:10     | Reached XP level 11. HP: 101/101 MP: 10/10
  9347 | D:10     | Identified the ring of the Trout {Str+9 Int-2 Dex+6 SInv
                  | Stlth+}
  9347 | D:10     | Noticed a wizard
  9351 | D:10     | Noticed a wolf spider
  9352 | D:10     | Identified the amulet "Bosiv" {rPois rN+ Regen+ Int+3}
  9352 | D:10     | Noticed a skeletal warrior
  9355 | D:10     | Killed a wolf spider
  9367 | D:10     | Killed a skeletal warrior
  9367 | D:10     | Noticed a boulder beetle
  9371 | D:10     | Killed a wizard
  9395 | D:10     | Identified the ring "Ceane" {Fly rC+ Will+ Dex+4}
  9395 | D:10     | Noticed a centaur warrior
  9399 | D:10     | Killed a centaur warrior
  9402 | D:10     | Killed a boulder beetle
  9458 | D:10     | Identified the ring "Cuz Kijo" {*Slow rC+ Str-5 Int+5 SInv}
 10051 | D:11     | Noticed a two-headed ogre
 10055 | D:11     | Killed a two-headed ogre
 10056 | D:11     | Noticed a two-headed ogre
 10067 | D:10     | Reached skill level 1 in Throwing
 10084 | D:11     | Killed a two-headed ogre
 10104 | D:11     | Noticed Fannar
 10144 | D:10     | Killed Fannar
 10145 | D:10     | Reached XP level 12. HP: 112/112 MP: 11/11
 10169 | D:11     | Found a staircase to the Lair.
 10300 | D:11     | Noticed Josephine
 10317 | D:11     | Killed Josephine
 10661 | D:11     | Identified the ring of Tytzeo {Wiz MP+9 Str+3}
 10949 | D:11     | Noticed Urug
 10982 | D:11     | Killed Urug
 11661 | D:12     | Found a staircase to the Orcish Mines.
 11683 | D:12     | Noticed Nessos
 11706 | D:12     | Killed Nessos
 11890 | D:12     | Noticed a five-headed hydra
 11898 | D:12     | Killed a one-headed hydra
 12443 | D:12     | Reached skill level 5 in Throwing
 12516 | D:12     | Reached XP level 13. HP: 106/122 MP: 12/12
 12718 | D:12     | Noticed Jorgrun
 12742 | D:12     | Killed Jorgrun
 13662 | Orc:1    | Entered Level 1 of the Orcish Mines
 13662 | Orc:1    | Found Titasisu's Magic Scroll Boutique.
 13662 | Orc:1    | Found Dukkagem's Assorted Antiques.
 13680 | Orc:1    | Found Qorifan's Distillery.
 13696 | Orc:1    | Received a gift from Trog
 14217 | Orc:1    | Found Fantiuga's Magic Scroll Shoppe.
 14252 | Orc:1    | Bought a potion of might for 92 gold pieces
 14312 | Orc:1    | Found Yjoy's Antique Armour Shoppe.
 14313 | Orc:1    | Found Heeng's Jewellery Shoppe.
 14630 | Orc:1    | Bought a translucent tower shield for 218 gold pieces
 14630 | Orc:1    | Identified the +0 tower shield of Death's Door {Str+3
                  | Dex+2} (You bought it in a shop on level 1 of the Orcish
                  | Mines)
 14649 | Orc:2    | Entered Level 2 of the Orcish Mines
 14649 | Orc:2    | Found a staircase to the Elven Halls.
 15305 | Orc:2    | Found Widoet's Book Shop.
 15715 | Orc:2    | Found Jemorato's Antique Armour Emporium.
 15715 | Orc:2    | Found Ocwuokao's Weapon Shop.
 15717 | Orc:2    | Found Ycef's Armour Emporium.
 15717 | Orc:2    | Found Tahuil's Jewellery Shop.
 15828 | Orc:1    | Bought a ring of protection from fire for 275 gold pieces
 15868 | Orc:1    | Bought a scroll labelled KAMAGO NETOEHA for 23 gold pieces
 15875 | Orc:1    | Bought a scroll of identify for 28 gold pieces
 15875 | Orc:1    | Bought a scroll of identify for 28 gold pieces
 15916 | Lair:1   | Entered Level 1 of the Lair of Beasts
 15932 | Lair:1   | Reached XP level 14. HP: 133/133 MP: 13/13
 16055 | Lair:1   | Received a gift from Trog
 16184 | Lair:1   | Found a runed translucent gate.
 16184 | Lair:1   | Found a runed translucent gate.
 16185 | Lair:1   | Found a runed translucent gate.
 16196 | Lair:1   | Noticed bairyn's ghost (novice SpRe)
 16199 | Lair:1   | Found a viscous altar of Jiyva.
 16218 | Lair:1   | Found a radiant altar of Vehumet.
 16881 | Lair:2   | Found a staircase to the Swamp.
 16939 | Lair:2   | Found a hole to the Spider Nest.
 17006 | Lair:2   | Noticed Nergalle
 17019 | Lair:2   | Killed Nergalle
 17552 | Lair:3   | Reached skill level 15 in Axes
 17597 | Lair:3   | Reached skill level 15 in Fighting
 18619 | Lair:4   | Reached skill level 15 in Armour
 18943 | Lair:5   | Entered Level 5 of the Lair of Beasts
 18944 | Lair:5   | Found a staircase to the Slime Pits.
 19058 | Lair:5   | Received a gift from Trog
 19489 | Lair:5   | Reached skill level 15 in Shields
 19756 | Lair:5   | Reached XP level 15. HP: 127/143 MP: 14/14
 19780 | Lair:5   | Found a corrupted altar of Lugonu.
 19780 | Lair:5   | Found a one-way gate to the infinite horrors of the Abyss.
 19782 | Lair:5   | Found the +7 great mace "Firestarter" {flame, immolate,
                  | rFlCloud rF++}
 19799 | Lair:5   | Identified the +3 leather armour of the Volcano {+Blink
                  | rPois Stlth+}
 20114 | Swamp:1  | Entered Level 1 of the Swamp
 20591 | Swamp:1  | Noticed Kirke
 20613 | Lair:2   | Killed Kirke
 20766 | Swamp:1  | You are sucked into a shaft and drop 1 floor!
 20766 | Swamp:2  | Found a frozen archway.
 20769 | IceCv    | Entered an ice cave
 20924 | IceCv    | Reached ****** piety under Trog
 21002 | IceCv    | Found an ancient bone altar of Kikubaaqudgha.
 21200 | IceCv    | Identified the +2 war axe of Tiuhoarph {heavy, rN++ rCorr
                  | Str+2 Dex-4} (Trog gifted it to you in an ice cave)
 21200 | IceCv    | Received a gift from Trog
 21669 | IceCv    | Noticed a lich
 21686 | IceCv    | Killed a lich
 21782 | IceCv    | Got Apnidas's Incunable of Glaciation and Diablerie
 21890 | Swamp:2  | Noticed Frances
 21904 | Swamp:2  | Killed Frances
 21915 | Swamp:2  | Noticed Aizul
 21922 | Swamp:2  | Killed Aizul
 22063 | Swamp:1  | Reached skill level 10 in Throwing
 22066 | Swamp:1  | Paralysed by a hornet for 3 turns
 22131 | Swamp:1  | Noticed a fenstrider witch
 22134 | Swamp:1  | Killed a fenstrider witch
 22346 | Swamp:1  | Noticed a thorn hunter
 22359 | Swamp:1  | Killed a thorn hunter
 22538 | Swamp:2  | Reached XP level 16. HP: 121/152 MP: 15/15
 22538 | Swamp:2  | Received a gift from Trog
 22952 | Swamp:2  | Noticed Donald
 22960 | Swamp:2  | Killed Donald
 24141 | Swamp:4  | Entered Level 4 of the Swamp
 24233 | Swamp:4  | Noticed the 27-headed Lernaean hydra
 24361 | Swamp:4  | Killed the 23-headed Lernaean hydra
 24372 | Swamp:4  | Received a gift from Trog
 24672 | Swamp:4  | Got a decaying rune of Zot
 25225 | Spider:1 | Entered Level 1 of the Spider Nest
 25238 | Lair:2   | Reached XP level 17. HP: 158/163 MP: 16/16
 25296 | Spider:1 | HP: 8/163 [tarantella (1)]
 25297 | Spider:1 | HP: 3/163 [emperor scorpion (13)]
 27003 | Spider:2 | Received a gift from Trog
 28763 | Spider:4 | Entered Level 4 of the Spider Nest
 28771 | Spider:4 | Received a gift from Trog
 28936 | Spider:4 | Found a transporter.
 29122 | Spider:4 | Noticed spardeous's ghost (adept DgCj)
 29131 | Spider:4 | Found a transporter.
 29172 | Spider:4 | Identified the +10 dagger of Gonidal {heavy, Fly Will+
                  | rCorr}
 29184 | Spider:4 | Reached XP level 18. HP: 173/173 MP: 17/17
 29868 | Spider:4 | Received a gift from Trog
 30131 | Spider:4 | Got a gossamer rune of Zot
 31077 | D:14     | Found a gate to the Vaults.
 31306 | D:14     | Received a gift from Trog
 31604 | D:15     | Entered Level 15 of the Dungeon
 31604 | D:15     | Found Lear's Book Boutique.
 32185 | D:15     | Found a staircase to the Depths.
 32428 | Vaults:1 | Entered Level 1 of the Vaults
 32628 | Vaults:1 | Reached XP level 19. HP: 185/185 MP: 18/18
 32825 | Vaults:1 | Reached XP level 20. HP: 171/195 MP: 19/19
 32920 | Vaults:1 | Found Vuiqaz's Weapon Boutique.
 33201 | Vaults:1 | Received a gift from Trog
 33707 | Vaults:2 | Noticed Jory
 33731 | Vaults:2 | Killed Jory
 33799 | Vaults:2 | Noticed Boris
 33804 | Vaults:2 | Killed Boris
 34104 | Vaults:2 | Received a gift from Trog
 34602 | Vaults:2 | Noticed Mara
 34620 | Vaults:2 | Noticed sheffield53's illusion
 34630 | Vaults:2 | Killed Mara
 34760 | Vaults:2 | Noticed Bai Suzhen
 34779 | Vaults:2 | Killed Bai Suzhen
 35250 | Vaults:2 | Found Utaofavvimm's Weapon Shop.
 35802 | Vaults:3 | Reached XP level 21. HP: 186/205 MP: 20/20
 35842 | Vaults:3 | Found a staircase to the Crypt.
 35855 | Vaults:3 | Noticed Saint Roka
 35868 | Vaults:3 | Received a gift from Trog
 35873 | Vaults:3 | Killed Saint Roka
 36004 | Vaults:3 | Noticed Boris
 36018 | Vaults:3 | Killed Boris
 36119 | Vaults:3 | Noticed Nikola
 36136 | Vaults:3 | Killed Nikola
 36236 | Vaults:3 | Found Cuih One's Book Boutique.
 36391 | Vaults:3 | Received a gift from Trog
 37311 | Vaults:4 | Received a gift from Trog
 37344 | Vaults:4 | Noticed Boris
 37359 | Vaults:4 | Killed Boris
 38077 | Vaults:4 | Reached XP level 22. HP: 200/217 MP: 21/21
 38080 | Vaults:4 | Received a gift from Trog
 38518 | Orc:1    | Bought a scroll of silence for 133 gold pieces
 38518 | Orc:1    | Bought a scroll of enchant armour for 105 gold pieces
 38518 | Orc:1    | Bought a scroll of enchant weapon for 105 gold pieces
 38534 | Orc:1    | Bought a scroll of enchant armour for 90 gold pieces
 38876 | Vaults:5 | Entered Level 5 of the Vaults
 38936 | Vaults:5 | Noticed a golden dragon
 38938 | Vaults:5 | Noticed an ancient lich
 38947 | Vaults:5 | Killed an ancient lich
 38947 | Vaults:5 | Received a gift from Trog
 38953 | Vaults:5 | Killed a golden dragon
 39712 | Vaults:5 | Received a gift from Trog
 40070 | Vaults:5 | Noticed a golden dragon
 40071 | Vaults:5 | Noticed an ancient lich
 40079 | Vaults:5 | Killed a golden dragon
 40082 | Vaults:5 | Killed an ancient lich
 40083 | Vaults:5 | Reached XP level 23. HP: 229/229 MP: 22/22
 40254 | Vaults:5 | Identified the +6 war axe of Siniybroy {venom, +Blink
                  | Str+2}
 40336 | Vaults:5 | Identified the staff of conjuration "Vuikhuut" {Fly rF+}
 40351 | Vaults:5 | Identified the ring of Tifen {Fly Int+6}
 40744 | Vaults:5 | Identified the staff of poison "Ewkew" {rPois rF+}
 40996 | Vaults:5 | Identified the +0 ring mail of Agoraphobia {rElec}
 41050 | Vaults:5 | Found the +8 Wrath of Trog {antimagic, *Rage Rampage}
 41060 | Vaults:5 | Got a silver rune of Zot
 41063 | Vaults:5 | Identified the staff of poison "Iporik" {rPois Str+6}
 41243 | Vaults:5 | Noticed a dread lich
 41250 | Vaults:5 | Killed a dread lich
 41315 | Vaults:5 | Identified the staff of earth "Vaigriug" {Will++ rCorr
                  | Str-2 Dex+3}
 41914 | Depths:1 | Entered Level 1 of the Depths
 42105 | Depths:1 | Found a glowing golden altar of the Shining One.
 42129 | Depths:1 | You are sucked into a shaft and drop 1 floor!
 42141 | Depths:2 | Received a gift from Trog
 42148 | Depths:2 | Identified the +0 leather armour of Free Will {-Tele Fly
                  | Will+ Slay+6}
 42175 | Depths:2 | Found a one-way gate leading to the halls of Pandemonium.
 42729 | Depths:2 | Noticed a juggernaut
 42740 | Depths:2 | Killed a juggernaut
 42782 | Depths:2 | Identified the +2 quarterstaff of Tortfeasance {flame,
                  | *Slow rN+++ rCorr Dex-5}
 43052 | Depths:1 | Found Nafemm's General Store.
 43059 | Depths:1 | Found Fadyf's Distillery.
 43065 | Depths:1 | Bought a potion of haste for 180 gold pieces
 43120 | Depths:1 | Found a glowing silver altar of Zin.
 43368 | Depths:1 | Identified the +7 broad axe "Undertaker" {heavy, rC+ rN+
                  | MP-9 Dex+3} (Trog gifted it to you on level 1 of the
                  | Depths)
 43368 | Depths:1 | Received a gift from Trog
 43545 | Depths:1 | Found a gateway to Hell.
 44055 | Depths:2 | Found a shadowy altar of Dithmenos.
 44714 | Depths:3 | Found a runed translucent gate.
 44715 | Depths:3 | Found a runed translucent gate.
 44798 | Depths:3 | Found a runed translucent gate.
 44800 | Depths:3 | Noticed Allukodu's ghost (veteran MiGl)
 44800 | Depths:3 | Noticed an ancient lich
 44935 | Depths:3 | Paralysed by a vampire knight for 2 turns
 45289 | Depths:3 | Found a glowing golden altar of the Shining One.
 45429 | Depths:3 | Reached XP level 24. HP: 240/240 MP: 22/22
 45614 | Depths:3 | Received a gift from Trog
 45818 | Depths:4 | Entered Level 4 of the Depths
 46264 | Depths:4 | Found a one-way gateway to a ziggurat.
 46314 | Depths:4 | Identified the staff of earth "Maof" {Dex+4 Stlth+}
 46783 | Depths:4 | Found a gate to the Realm of Zot.
 46803 | Zot:1    | Entered Level 1 of the Realm of Zot
 47449 | Zot:1    | HP: 17/352 [green draconian monk (1)]
 47842 | Zot:1    | Found a shimmering blue altar of Sif Muna.
 47842 | Zot:1    | Noticed a dread lich
 47957 | Zot:1    | Found a transporter.
 48602 | Zot:2    | Received a gift from Trog
 48840 | Zot:2    | Identified the +2 scale mail of Pezxem {Fly}
 49525 | Zot:3    | Reached XP level 25. HP: 152/253 MP: 22/22
 49536 | Zot:3    | HP: 5/253 [black draconian knight/bolt of lightning (26)]
 50988 | Zot:4    | Noticed an orb of fire
 50992 | Zot:4    | Gained mutation: You have a pair of large horns on your
                  | head. [an orb of fire]
 50994 | Zot:4    | Gained mutation: You are frail. (-10% HP) [an orb of fire]
 51001 | Zot:4    | Killed an orb of fire
 51584 | Zot:4    | Found the +4 dragonskin cloak
 51584 | Zot:4    | Noticed Tiamat
 51604 | Zot:4    | Killed Tiamat
 51789 | Zot:4    | Identified the ring of Topsepra {AC+4 Int+4 Dex+2 SInv}
 52310 | Zot:4    | Identified a scroll of acquirement
 52324 | Zot:4    | Acquired the +2 pair of boots "Niffy" {MP+9}
 52883 | Zot:5    | Entered Level 5 of the Realm of Zot
 53606 | Zot:5    | Received a gift from Trog
 53836 | Zot:5    | Reached skill level 27 in Fighting
 54376 | Zot:5    | Noticed an orb of fire
 54382 | Zot:5    | Gained mutation: Your mind is acute. (Int +4, Str/Dex -1)
                  | [an orb of fire]
 54385 | Zot:5    | Gained mutation: You are occasionally teleported next to
                  | monsters. [an orb of fire]
 54388 | Zot:5    | Killed an orb of fire
 54408 | Zot:5    | Noticed an orb of fire
 54429 | Zot:5    | Killed an orb of fire
 54468 | Zot:5    | Noticed an ancient lich
 54477 | Zot:5    | Killed an ancient lich
 54478 | Zot:5    | Reached XP level 26. HP: 227/239 MP: 13/22
 54487 | Zot:5    | Noticed a dread lich
 54495 | Zot:5    | Paralysed by a dread lich for 2 turns
 54498 | Zot:5    | Killed a dread lich
 54517 | Zot:5    | Noticed a dread lich
 54529 | Zot:5    | Killed a dread lich
 54539 | Zot:5    | Reached skill level 27 in Axes
 54611 | Zot:5    | Noticed a dread lich
 54620 | Zot:5    | Killed a dread lich
 54773 | Zot:5    | Reached skill level 27 in Armour
 54807 | Zot:5    | Reached skill level 27 in Shields
 54880 | Zot:5    | Got the Orb of Zot
 55187 | D:14     | Noticed Litoog the pandemonium lord
 55294 | D:9      | Noticed Bioblint the pandemonium lord
 55429 | D:2      | Reached skill level 15 in Throwing
 55549 | D:$      | Escaped with the Orb!

Illustrated notes

Levels and vault maps discovered:
D:1:      ncdulo_halloftheorcs, layout_basic
D:2:      layout_basic, basic_altar, basic_ecumenical_altar, serial_shops,
          nicolae_shop_back_alley_shop
D:3:      layout_loops_cross, ebering_ghost_sewer_d, mrwooster_statue_mirror
D:4:      layout_loops_ring, uniq_grinder
D:5:      layout_gridville, mainiacjoe_overflow_alcove_2, dk_noncrumbling_4,
          serial_bayou_pond_d, serial_bayou_lagoon_a, nicolae_stop_n_shop_1,
          uniq_prince_ribbit1, uniq_edmund
D:6:      layout_loops_ring, mainiacjoe_overflow_small_starburst,
          minmay_misc_feat_alley, uniq_duvessa, uniq_menkaure, uniq_pikel
D:7:      layout_rooms, mainiacjoe_overflow_divided_tiny,
          minmay_temple_entry_waves, kennysheep_generic_room_5
D:8:      layout_basic, kennysheep_generic_room_12
D:9:      layout_cross, minmay_starry_boxes
D:10:     minmay_the_grid_triangle_9x9_rhombus_thin_mashed
          [minmay_the_grid_triangle_9x9_odd_lines,
          minmay_the_grid_triangle_9x9_prize_special,
          minmay_the_grid_triangle_9x9_thin_v,
          minmay_the_grid_triangle_9x9_cache], layout_irregular_city,
          ebering_dispersal_statue_hall, grunt_decor_clamped, serial_park_tiny_1
D:11:     minmay_goldmine, layout_long_grid, lair_entry_dummy, uniq_josephine,
          uniq_urug, uniq_fannar
D:12:     layout_basic, orc_0_dummy, hangedman_parallel_progression,
          uniq_nessos, uniq_jorgrun
D:13:     layout_irregular_city, the_hattery
D:14:     layout_rooms, ximxim_vaults_locker_room, chequers_mini_garden
D:15:     hangedman_depths_entry_try_elsewhere_first, layout_irregular_city,
          chequers_serial_rivers_micro_c, serial_shops, nicolae_diamond_shop
Lair:1:   layout_cave_pods, gammafunk_ghost_ooze, basic_altar,
          grunt_megastairs_5, lemuel_fruit_tree
Lair:2:   layout_long_grid, swamp_mist, hellmonk_spider_entry_not_the_bees,
          uniq_nergalle
Lair:3:   layout_cave_pods, beast_lair_carwin_10, infiniplex_staircase_pool
Lair:4:   layout_roguey
Lair:5:   hellmonk_lair_end_abyssal_woods, layout_misc_corridors,
          nicolae_slime_entry_field_trip
Swamp:1:  layout_basic_swamp, nicolae_swamp_ascending_descending_big,
          swamp_pool5, infiniplex_staircase_pool_2, uniq_kirke
Swamp:2:  layout_basic_swamp, portal_ice_cave_entry_ugly_swarm,
          nicolae_swamp_treefoil, st_swamp_ruins_4, uniq_donald, uniq_frances,
          uniq_aizul
Swamp:3:  layout_basic_swamp, serial_swamp_ruin, evilmike_swamp_ruin_wall,
          hangedman_swamp_ruin_hall, evilmike_swamp_ruin_rubble_1
Swamp:4:  swamp_old_school, layout_basic_swamp, swamp_pool3,
          nicolae_swamp_soggy_hallways
Spider:1: layout_spider_delve
Spider:2: layout_spider_delve
Spider:3: nicolae_spider_hilbert_zone_5 [nicolae_spider_hilbert_3_sides_1_open,
          nicolae_spider_hilbert_4_sides_1_open,
          nicolae_spider_hilbert_4_sides_1_open,
          nicolae_spider_hilbert_6_sides_1_open,
          nicolae_spider_hilbert_6_sides_1_open],
          nicolae_spider_baby_got_redback
Spider:4: floodkiller_spider_rune_tomb, gammafunk_ghost_arena
Orc:1:    layout_caves, serial_shops, shop, nicolae_shop_peninsula, shop,
          shop_scrolls, shop, basic_altar, guppyfry_orc_lava_fort
Orc:2:    grunt_orc_tribal_feast, layout_caves, serial_shops, shop
Vaults:1: nicolae_vaults_closet_pinwheel_1, hangedman_vaults_slice,
          vaults_room_fancy_cross, nicolae_vaults_house_3, v_misc_10,
          nicolae_vaults_cornered_office, st_cross, vaults_room_stairs_pillars,
          v_pattern_5, vaults_room_grunt_arrival_checkpoint,
          nicolae_vaults_trapezoid_4, layout_vaults_chaotic_city, serial_shops,
          nicolae_shop_tiny_glass
Vaults:2: grunt_vaults_diagonal, hangedman_vaults_locks,
          nicolae_vaults_three_branches, vaults_mumra_bighexcomb,
          ontoclasm_vaults_pinch, ontoclasm_vaults_misaligned,
          nicolae_vaults_what_the_h, ontoclasm_vaults_misaligned,
          vaults_room_door_ring, nicolae_vaults_tetromino_L_2,
          nicolae_vaults_spaceships, vaults_room_fancy_cross,
          nicolae_vaults_cochlea, nicolae_vaults_taking_the_gang_shopping,
          nicolae_vaults_storage_closets_1, nicolae_vaults_tangram_1,
          layout_vaults_ring, uniq_mara, uniq_bai_suzhen, uniq_jory, uniq_boris
Vaults:3: nicolae_vaults_hexular_roomagon, ontoclasm_vaults_eye,
          nicolae_vaults_yaktaur_gun_rack, minmay_crypt_entry_simple_statues,
          v_misc_5, hangedman_vaults_stitches, grunt_vaults_funnel,
          ontoclasm_vaults_loading_screen,
          nicolae_vaults_windows_and_doors_thing, ontoclasm_vaults_fault,
          layout_vaults_quadrants, serial_shops, shop, uniq_nikola,
          uniq_saint_roka
Vaults:4: vaults_room_fancy_cross, vaults_dpeg_diagonal,
          nicolae_vaults_lightning_bolt, dpeg_vaults_monster_row,
          nicolae_vaults_turnstiles, grunt_vaults_twisty,
          vaults_mumra_minichess_inversion, vaults_room_boxed,
          nicolae_vaults_apartment_2, nicolae_vaults_octagons,
          nicolae_vaults_sesquioval_fish, layout_vaults_maze_bifur
Vaults:5
Depths:1: layout_cave_shapes, pf_vacation_house_of_asmodeus, lemuel_round_altar,
          grunt_ministairs_8, nicolae_kite_square_tiling_tiny, zin_angel,
          minmay_shoptagon
Depths:2: giant_chief_lemuel, layout_honeycomb, nicolae_dithmenos_shadow_blocks,
          grunt_hell_entry_dis_grunt, rand_demon_pan_entry_1,
          corexii_leaking_fountain, patterned_corridor
Depths:3: minmay_inner_zag, layout_basic, hell_entry, marbit_kobold_abyss_entry,
          gammafunk_ghost_necromancy, kennysheep_pointless_box, tso_oasis_becter
Depths:4: grunt_zot_entry_alcove, layout_cave_shapes, enter_ziggurat_e,
          lightli_too_deep, serial_bayou_shore_a
Zot:1:    gammafunk_sealed_library, layout_basic
Zot:2:    kennysheep_room_grid, layout_onion_interference
Zot:3:    layout_onion
Zot:4:    layout_basic, st_grand_hoard_of_tiamat
Zot:5:    layout_basic

Skill      XL: |  1  2  3  4  5  6  7  8  9 10 11 12 13 14 15 16 17 18 19 20 21 22 23 24 25 26 |
---------------+-------------------------------------------------------------------------------+-----
Fighting       | 4 5 6 7 9 10 12 13 14 15 16 17 18 20 21 22 23 24 26 27 | 27.0
Axes           | 4 5 6 7 9 10 12 13 14 15 16 17 18 19 21 22 23 24 25 26 27 | 27.0
Armour         | 3 4 5 6 7 8 10 11 13 14 15 16 17 18 19 20 22 23 24 25 26 27 | 27.0
Shields        | 1 2 3 4 5 6 8 10 11 12 14 15 16 17 18 19 20 21 23 24 25 26 27 | 27.0
Throwing       | 1 5 7 8 10 11 12 13 15 | 15.3
Dodging        | |  2.4

Action                     |  1- 3 |  4- 6 |  7- 9 | 10-12 | 13-15 | 16-18 | 19-21 | 22-24 | 25-27 || total
---------------------------+-------+-------+-------+-------+-------+-------+-------+-------+-------++-------
  Melee: Hand axe          |    84 |   134 |   264 |   652 |   141 |       |       |       |       ||  1275
         Headbutt          |    10 |    15 |    46 |   161 |   237 |   371 |   362 |   448 |   251 ||  1901
         Punch             |     1 |       |       |       |       |       |       |       |       ||     1
         War axe           |       |       |       |       |   439 |   144 |    85 |   106 |       ||   774
         Broad axe         |       |       |       |       |   423 |  1141 |   919 |  1191 |   695 ||  4369
  Throw: Javelin           |       |       |       |     2 |       |     2 |       |     1 |    13 ||    18
 Invoke: Berserk           |     1 |     2 |     5 |     8 |     2 |       |     1 |     1 |       ||    20
         Trog's Hand       |       |     1 |     2 |     5 |     8 |     2 |     5 |     7 |     2 ||    32
         Brothers in Arms  |       |       |       |     2 |     1 |     1 |     5 |    17 |     1 ||    27
    Use: Scroll            |       |     2 |    11 |       |    18 |    10 |     4 |    19 |     3 ||    67
         Potion            |       |       |       |     1 |     4 |     6 |     2 |     8 |     3 ||    24
   Stab: Sleeping          |     1 |       |       |       |       |     1 |     1 |       |       ||     3
         Distracted        |       |       |       |       |     1 |     1 |     2 |     3 |       ||     7
         Petrified         |       |       |       |       |       |       |       |     7 |       ||     7
 Armour: Animal skin       |    11 |     8 |       |       |       |       |       |       |       ||    19
         Scale mail        |       |    28 |       |       |    34 |   717 |   281 |    90 |       ||  1150
         Chain mail        |       |       |   120 |   163 |     5 |       |       |       |       ||   288
         Plate armour      |       |       |       |       |   317 |       |       |    17 |       ||   334
         Gold dragon scale |       |       |       |       |       |       |       |   471 |   294 ||   765
  Dodge: Dodged            |    52 |    67 |    86 |   230 |   257 |   549 |   229 |   273 |   121 ||  1864
  Block: Buckler           |       |     4 |    56 |   161 |    49 |       |       |       |       ||   270
         Tower shield      |       |       |       |       |   729 |    70 |       |       |       ||   799
         Kite shield       |       |       |       |       |       |  1165 |   628 |  1149 |   527 ||  3469
         Reflection        |       |       |       |       |       |    48 |    62 |    28 |     5 ||   143
